 Dungeon Crawl Stone Soup version 0.29.1-12-g30fa7ad0bf (webtiles) character file.

Game seed: 4146984036565590121

11609 IcyTea the Carver (level 11, -2/92 HPs)
             Began as a Purple Draconian Monk on Dec 23, 2022.
             Was an Elder of Vehumet.
             Killed from afar by a wretched star (32 damage)
             ... with a lance of force
             ... on level 1 of the Abyss.
             The game lasted 00:57:54 (12130 turns).

IcyTea the Carver (Purple Draconian Monk)          Turns: 12130, Time: 00:57:54

Health: -2/92      AC: 19    Str: 13      XL:     11   Next: 51%
Magic:  16/21      EV: 12    Int: 14      God:    Vehumet [****..]
Gold:   131        SH: 12    Dex: 12 (13) Spells: 1/23 levels left

rFire   . . .      SeeInvis .   a - +8 scimitar
rCold   + . .      Faith    .   b - +3 kite shield {AC+3}
rNeg    . . .      Spirit   .   (body armour unavailable)
rPois   +          Reflect  .   H - +1 hat {Stlth+}
rElec   .          Harm     .   w - +2 cloak {rPois}
rCorr   .          Rampage  .   d - +0 pair of gloves
Will    +....      Clarity  +   (no boots)
Stlth   +++.......              (no amulet)
HPRegen 0.25/turn               x - ring of protection from cold
MPRegen 0.17/turn               f - +4 ring of protection

@: flying, very slightly contaminated
A: breathe power, AC +7, unfitting armour, cold-blooded, big wings, clarity,
weak 1, [berserk 2], [deterioration 2]
a: Breathe Dispelling Energy, Renounce Religion


You were on level 1 of the Abyss.
You worshipped Vehumet.
Vehumet was greatly pleased with you.
You visited 2 branches of the dungeon, and saw 11 of its levels.
You visited the Abyss 1 time.
You also visited: Ossuary.

You collected 453 gold pieces.
You spent 322 gold pieces at shops.

Inventory:

Hand Weapons
 a - a +8 scimitar (weapon)
 m - a +0 long sword
 v - a +3 quarterstaff of chaos
 D - a +3 vampiric short sword
Missiles
 e - 44 poisoned darts
Armour
 b - a +3 kite shield of protection (worn)
 d - a +0 pair of gloves (worn)
 w - a +2 cloak of poison resistance (worn)
 H - a +1 hat of stealth (worn)
Jewellery
 f - a +4 ring of protection (right hand)
 p - a +6 ring of strength
 s - a +6 ring of strength
 x - a ring of protection from cold (left hand)
 z - a ring of protection from cold
Wands
 A - a wand of flame (14)
 I - a wand of polymorph (2)
Scrolls
 g - 2 scrolls of fear
 i - a scroll of immolation
 q - 7 scrolls of teleportation
 r - 3 scrolls of magic mapping
 y - 7 scrolls of vulnerability
 K - a scroll of torment
 L - 2 scrolls of identify
 M - 2 scrolls of blinking
Potions
 c - a potion of lignification
 h - 4 potions of heal wounds
 k - 7 potions of curing
 l - 2 potions of flight
 n - 2 potions of might
 o - a potion of attraction
 t - 2 potions of resistance
 B - a potion of berserk rage {unknown}
 C - 2 potions of haste
 E - a potion of brilliance {unknown}
 F - 3 potions of mutation
 G - a potion of magic {unknown}
 J - a potion of degeneration {unknown}


   Skills:
 + Level 7.5 Fighting
 + Level 9.1 Long Blades
 - Level 2.0 Ranged Weapons
 + Level 6.4 Dodging
 + Level 3.4 Stealth
 + Level 5.3 Shields
 + Level 6.7 Spellcasting
 + Level 5.6 Conjurations
 - Level 4.0 Transmutations
 + Level 2.1 Fire Magic
 + Level 3.6 Ice Magic
 + Level 3.5 Air Magic
 - Level 4.0 Earth Magic


You had one spell level left.
You knew the following spells:

 Your Spells              Type           Power      Damage    Failure   Level
a - Wereblood             Tmut           15%        N/A       12%         2
b - Stone Arrow           Conj/Erth      36%        3d9       4%          3
c - Flame Wave            Conj/Fire      15%        2d7       21%         4
d - Hailstorm             Conj/Ice       17%        3d6       16%         4
e - Airstrike             Air            7%         2d(1-17)  24%         4
f - Fireball              Conj/Fire      7%         3d5       47%         5

Your spell library contained the following spells:

 Spells                   Type           Power      Damage    Failure   Level
 Sandblast                Erth           30%        2d9       2%          1
 Apportation              Tloc           8%         N/A       38%         1
 Slow                     Hex            16%        N/A       38%         1
 Searing Ray              Conj           40%        2d5       1%          2
 Passwall                 Tmut/Erth      12%        N/A       12%         2
 Sublimation of Blood     Necr           4%         N/A       52%         2
 Ice Form                 Ice/Tmut       15%        N/A       63%         4
 Call Canine Familiar     Summ           4%         N/A       77%         3
 Confusing Touch          Hex            4%         N/A       77%         3
 Portal Projectile        Hex/Tloc       8%         N/A       77%         3
 Vampiric Draining        Necr           4%         2d6       77%         3
 Leda's Liquefaction      Hex/Erth       5%         N/A       87%         4
 Alistair's Intoxication  Tmut/Pois      6%         N/A       99%         5
 Simulacrum               Ice/Necr       4%         N/A       100%        6
 Summon Hydra             Summ           2%         N/A       100%        7


Dungeon Overview and Level Annotations

Branches:
Dungeon (10/15)            Temple (1/1) D:6            Lair (0/5) D:9
    Orc (0/2) D:9         Ossuary (visited)

Altars:
Ashenzari
Cheibriados
Dithmenos
Elyvilon
Fedhas
Gozag
Hepliaklqana
Kikubaaqudgha
Makhleb
Nemelex Xobeh
Okawaru
Qazlal
Ru
Sif Muna
Trog
Uskayaw
Vehumet
Wu Jian
Xom
Yredelemnul
Zin
The Shining One

Shops:
D:2 [   D:5 [

Annotations:
D:9 exclusion: ice statue
D:10 Sonja


Innate Abilities, Weirdness & Mutations

You can breathe bolts of dispelling energy.
Your rich purple scales are hard. (AC +7)
You cannot fit into any form of body armour.
You are cold-blooded and may be slowed by cold attacks.
Your large and strong wings let you fly.
You possess an exceptional clarity of mind.
You are weak. (Str -2)
[You have an uncontrollable temper.]
[Your body often deteriorates upon taking damage.]


Message History

The wretched star moves out of view.
You start resting.
A wretched star is nearby!
There are no items here.
Aiming: Stone Arrow (mildly dangerous; 4% risk of failure)
Press: ? - help, Q - select action, (/) - cycle Shift-Dir - straight line, f - wretched star
Aim: a wretched star (68% to hit)
You miscast Stone Arrow.
You are very lightly contaminated with residual magic.
Nothing appears to happen.
Casting: Stone Arrow (mildly dangerous; 4% risk of failure)
Confirm with . or Enter, or press ? or * to list all spells.
Okay, then.
Okay, then.
The wretched star pulses with an eldritch light!
You feel yourself wasting away.
You feel your body start to fall apart.
You feel a little pissed off.
You feel extremely angry at everything!
The wretched star glows turbulently.
The lance of force hits you!!
You are knocked back by the lance of force.
You slam into the crystal wall!
Aiming: Stone Arrow (mildly dangerous; 4% risk of failure)
Press: ? - help, Q - select action, (/) - cycle Shift-Dir - straight line, f/p - wretched star
Aim: a wretched star (68% to hit)
The stone arrow hits the wretched star!
The wretched star is moderately damaged.
The wretched star glows turbulently.
The lance of force hits you!
You are knocked back by the lance of force.
You slam into the crystal wall!
You barely miss the wretched star.
The wretched star is lightly damaged.
The wretched star glows turbulently.
The lance of force hits you!
Your body deteriorates!
You feel clumsy.
You are knocked back by the lance of force.
You slam into the rock wall!
The wretched star glows turbulently.
The lance of force hits you!!
You die...

..## ## ##..
. #.. .
.#....###
#....#ยง. ##
#.#.#.##..###
.##.##...#
##..*.###
#@#.#...#.#
##...###...
###......
..#... #.# .#
..# # #.. ##.


You could see a wretched star.

Vanquished Creatures
  Gastronok (D:8)
  Pikel (D:5)
  A kobold demonologist (D:9)
  A troll (D:8)
  A hornet (D:8)
  Prince Ribbit (D:6)
  8 yaks
  2 water moccasins
  7 orc warriors
  2 sky beasts (D:7)
  18 ice beasts
  2 ogres (D:9)
  3 centaurs
  4 phantoms
  5 bullfrogs
  5 kobold brigands
  12 scorpions
  5 gnoll sergeants (D:9)
  2 necrophages
  18 wights
  13 killer bees
  4 howler monkeys
  An electric eel (D:9)
  2 centaur zombies (Ossuary)
  Crazy Yiuf (D:5)
  3 hounds
  4 human zombies (Ossuary)
  7 orc priests
  2 jellies
  3 iguanas
  9 orc wizards
  3 mummies (Ossuary)
  3 adders
  8 gnolls (D:9)
  4 white imps
  An ufetubus (D:5)
  4 dart slugs
  38 orcs
  7 endoplasms
  3 giant cockroaches
  A gnoll zombie (Ossuary)
  10 goblins
  9 hobgoblins
  9 jackals
  12 kobolds
  3 quokkas
  9 ball pythons
  10 bats
  6 frilled lizards
  6 goblin zombies
  A hobgoblin zombie (Ossuary)
  4 kobold zombies (Ossuary)
  2 orc zombies (Ossuary)
  A quokka zombie (D:8)
  3 rats
305 creatures vanquished.

Vanquished Creatures (others)
  A fungus (D:5)
  5 plants (D:7)
6 creatures vanquished.

Grand Total: 311 creatures vanquished

Notes
Turn   | Place    | Note
-------+----------+-------------------------------------------
     0 | D:1      | IcyTea the Draconian Monk began the quest for the Orb.
     0 | D:1      | Reached XP level 1. HP: 19/19 MP: 1/1
   174 | D:1      | Reached XP level 2. HP: 22/26 MP: 2/2
   374 | D:1      | Reached skill level 4 in Long Blades
   426 | D:1      | Found a faded altar of an unknown god.
   508 | D:1      | Reached XP level 3. HP: 25/31 MP: 3/3
  1439 | D:2      | Found Olaateo's Antique Armour Shop.
  2047 | D:3      | Reached XP level 4. HP: 22/38 MP: 1/4
  2238 | D:3      | Noticed a centaur
  2249 | D:3      | Killed a centaur
  2250 | D:3      | Reached skill level 5 in Long Blades
  2250 | D:3      | Reached XP level 5. HP: 23/45 MP: 1/5
  2536 | D:3      | Reached skill level 6 in Long Blades
  3106 | D:4      | Learned a level 2 spell: Wereblood
  3507 | D:4      | Reached XP level 6. HP: 51/51 MP: 6/6
  3965 | D:4      | Found a stormy altar of Qazlal.
  4002 | D:5      | Entered Level 5 of the Dungeon
  4130 | D:5      | Reached skill level 1 in Spellcasting
  4130 | D:5      | Reached skill level 1 in Transmutations
  4319 | D:5      | Reached skill level 1 in Ranged Weapons
  4328 | D:5      | Found a blossoming altar of Fedhas.
  4420 | D:5      | Your scales start taking on a rich purple colour.
  4420 | D:5      | Reached XP level 7. HP: 39/58 MP: 7/9
  4588 | D:5      | Learned a level 3 spell: Stone Arrow
  4590 | D:5      | Found a runed translucent door.
  4591 | D:5      | Noticed Crazy Yiuf
  4601 | D:5      | Killed Crazy Yiuf
  4954 | D:5      | Reached skill level 7 in Long Blades
  4957 | D:5      | Found Fecuypic's Armour Shoppe.
  4973 | D:5      | Reached skill level 1 in Conjurations
  4973 | D:5      | Reached skill level 1 in Earth Magic
  5089 | D:5      | Reached XP level 8. HP: 42/67 MP: 10/12
  5225 | D:5      | Found a glowing silver altar of Zin.
  5263 | D:5      | Noticed Pikel
  5288 | D:5      | Killed Pikel
  5289 | D:5      | Reached skill level 1 in Shields
  5485 | D:5      | Found a sacrificial altar of Ru.
  5783 | D:6      | Reached skill level 5 in Fighting
  6295 | D:6      | Found a staircase to the Ecumenical Temple.
  6320 | Temple   | Entered the Ecumenical Temple
  6425 | Temple   | Became a worshipper of Vehumet
  6425 | Temple   | Reached * piety under Vehumet
  6425 | Temple   | Offered knowledge of Freeze by Vehumet.
  6425 | Temple   | Reached ** piety under Vehumet
  6721 | D:6      | Reached XP level 9. HP: 62/74 MP: 11/15
  6778 | D:6      | Noticed Prince Ribbit
  6793 | D:6      | Killed Prince Ribbit
  6807 | D:6      | Offered knowledge of Searing Ray by Vehumet.
  6816 | D:6      | Learned a level 2 spell: Searing Ray
  7875 | D:7      | Found a snail-covered altar of Cheibriados.
  8014 | D:7      | Reached skill level 8 in Long Blades
  8056 | D:5      | Bought a +2 kite shield of protection for 322 gold pieces
  8281 | D:6      | Reached skill level 5 in Dodging
  8609 | D:7      | Offered knowledge of Frozen Ramparts by Vehumet.
  8610 | D:7      | Reached skill level 5 in Spellcasting
  8731 | D:8      | Found a sand-covered staircase.
  8750 | Ossuary  | Entered an ossuary
  8774 | Ossuary  | Reached *** piety under Vehumet
  8968 | Ossuary  | Reached XP level 10. HP: 72/83 MP: 17/17
  8983 | Ossuary  | Learned a level 4 spell: Hailstorm
  9077 | Ossuary  | Offered knowledge of Airstrike by Vehumet.
  9107 | Ossuary  | Learned a level 4 spell: Airstrike
  9274 | D:8      | Noticed Gastronok
  9303 | D:8      | Killed Gastronok
  9304 | D:8      | Reached skill level 1 in Ice Magic
  9304 | D:8      | Reached skill level 1 in Air Magic
  9499 | D:8      | Found a shadowy altar of Dithmenos.
  9849 | D:8      | Found an ancient bone altar of Kikubaaqudgha.
  9888 | D:8      | Found a glowing golden altar of the Shining One.
  9889 | D:8      | Found an ornate altar of the Wu Jian Council.
  9987 | D:9      | Found a staircase to the Lair.
 10473 | D:9      | Found a staircase to the Orcish Mines.
 10482 | D:9      | Reached **** piety under Vehumet
 10490 | D:9      | Reached skill level 5 in Conjurations
 10508 | D:9      | Offered knowledge of Flame Wave by Vehumet.
 10726 | D:8      | Learned a level 4 spell: Flame Wave
 10935 | D:9      | Reached XP level 11. HP: 75/89 MP: 20/20
 11153 | D:9      | Noticed a soul eater
 11167 | D:9      | Reached skill level 1 in Fire Magic
 11269 | D:9      | Reached skill level 5 in Shields
 11354 | D:9      | Reached ***** piety under Vehumet
 11354 | D:9      | Offered knowledge of Fireball by Vehumet.
 11355 | D:9      | Reached skill level 9 in Long Blades
 11362 | D:9      | Learned a level 5 spell: Fireball
 11644 | D:10     | Entered Level 10 of the Dungeon
 11928 | D:10     | Noticed a two-headed ogre
 11936 | D:10     | Noticed Sonja
 11950 | Abyss:1  | Cast into level 1 of the Abyss (Sonja)
 11955 | Abyss:1  | Gained mutation: You are weak. (Str -2) [potion of
                  | mutation]
 11955 | Abyss:1  | Gained mutation: You possess an exceptional clarity of
                  | mind. [potion of mutation]
 11955 | Abyss:1  | Gained mutation: Your large and strong wings let you fly.
                  | [potion of mutation]
 11985 | Abyss:1  | Noticed a tentacled starspawn
 12093 | Abyss:1  | Noticed a wretched star
 12130 | Abyss:1  | Killed from afar by a wretched star

Illustrated notes

Levels and vault maps discovered:
D:1:      wander_arrival_fairy_ring, layout_rooms,
          hellmonk_ecumenical_altar_run_dry, serial_bayou_pond_e, nrook_campfire
D:2:      layout_basic, serial_shops, nicolae_shop_crystal
D:3:      layout_basic, serial_bayou_pond_a
D:4:      layout_basic, grunt_qazlal_clouds
D:5:      layout_loops_ring, mainiacjoe_overflow_alcove_1, lemuel_crystal_altar,
          amcnicky_altar_gilded, serial_shops, nicolae_shop_advertising_works
          [nicolae_subvault_shop_adworks], uniq_pikel, uniq_crazy_yiuf_cottage
D:6:      layout_basic, minmay_temple_entry_sparse_star, minmay_diced_spiral,
          uniq_prince_ribbit1, uniq_sigmund
D:7:      layout_cave_pools, mainiacjoe_overflow_alcove_4
D:8:      layout_basic, nicolae_kikubaaqudgha_miasma_corner,
          grunt_dithmenos_smoke, minitemple, enter_ossuary_4,
          nicolae_kite_square_tiling_tiny, uniq_gastronok
D:9:      minmay_twisted_water, layout_basic, lair_entry_dummy,
          kennysheep_orc_monster_closet_entryway
D:10:     layout_cave_pools, moated_statue, nooodl_orcs_dogs, uniq_sonja
Temple:   compressed_dpeg_triangle_lava_temple
Abyss:1:  base:
D:3

Skill      XL: |  1  2  3  4  5  6  7  8  9 10 11 |
---------------+----------------------------------+-----
Long Blades    | 4 5 6 7 8 9 |  9.1
Stealth        | 2 3 |  3.4
Dodging        | 3 4 5 6 |  6.4
Spellcasting   | 1 2 4 5 6 |  6.7
Transmutations | 1 2 3 4 |  4.0
Ranged Weapons | 1 2 |  2.0
Fighting       | 4 5 6 7 |  7.5
Conjurations   | 1 2 4 5 |  5.6
Earth Magic    | 1 2 4 |  4.0
Shields        | 2 3 4 5 |  5.3
Ice Magic      | 2 3 |  3.6
Air Magic      | 2 3 |  3.5
Fire Magic     | 2 |  2.1

Action                   |  1- 3 |  4- 6 |  7- 9 | 10-12 || total
-------------------------+-------+-------+-------+-------++-------
Melee: Falchion          |    95 |       |       |       ||    95
       Tailslap          |    16 |    10 |    79 |    63 ||   168
       Long sword        |    63 |   150 |   397 |       ||   610
       Punch             |     1 |       |     5 |       ||     6
       Shortbow          |       |     1 |       |       ||     1
       Scimitar          |       |       |    88 |   349 ||   437
 Fire: Shortbow          |       |    16 |     4 |       ||    20
Throw: Dart              |       |       |     1 |       ||     1
 Cast: Wereblood         |       |     1 |     4 |     3 ||     8
       Stone Arrow       |       |       |    20 |    19 ||    39
       Hailstorm         |       |       |       |     8 ||     8
       Flame Wave        |       |       |       |     6 ||     6
       Airstrike         |       |       |       |     1 ||     1
 Abil: Breathe Dispellin |       |       |     2 |       ||     2
  Use: Scroll            |     4 |     4 |    11 |     6 ||    25
       Potion            |       |       |     3 |     8 ||    11
 Stab: Sleeping          |     4 |     3 |     5 |     4 ||    16
       Distracted        |       |       |     1 |       ||     1
Armor: Skin              |    38 |    68 |   196 |   151 ||   453
Dodge: Dodged            |   107 |   111 |   266 |   172 ||   656
Block: Kite shield       |       |       |    52 |   273 ||   325
